 Dungeon Crawl Stone Soup version 0.17-a0-2073-gde5cdba (webtiles) character file.

50 Duffy the Chopper (level 3, -1/32 HPs)
             Began as a Naga Gladiator on Oct 15, 2015.
             Slain by an orc wizard
             ... wielding a +0 dagger
              (3 damage)
             ... on level 3 of the Dungeon.
             The game lasted 00:00:54 (780 turns).

Duffy the Chopper (Naga Gladiator)                   Turns: 780, Time: 00:00:55

Health: -1/32      AC:  3    Str: 17    XL:     3   Next: 79%
Magic:  3/3        EV: 10    Int:  8    God:
Gold:   36         SH:  0    Dex: 12    Spells: 0 memorised, 2 levels left

rFire  . . .     SeeInvis +     a - +0 war axe
rCold  . . .     Clarity  .     b - +0 leather armour
rNeg   . . .     SustAt   .     (no shield)
rPois  +         Gourm    .     c - +0 helmet
rElec  .         Spirit   .     (no cloak)
rCorr  .         Warding  .     (no gloves)
rMut   .         Stasis   .     (no barding)
MR     .....                    (no amulet)
Stlth  +.........               (no ring)
                                (no ring)

@: very slow, not resistant to hostile enchantments, very unstealthy
A: see invisible, deformed body, poison resistance, slowness 2, slow metabolism
1, spit poison 2, AC +1
a: Spit Poison


You were on level 3 of the Dungeon.
You were not hungry.

You visited 1 branch of the dungeon, and saw 3 of its levels.

You collected 36 gold pieces.


Innate Abilities, Weirdness & Mutations

You cannot wear boots.
Your serpentine skin is tough (AC +1).
You have supernaturally acute eyesight.
Armour fits poorly on your strangely shaped body.
Your system is resistant to poisons.
You cover ground very slowly.
You have a slow metabolism.
You can spit poison.


   Skills:
 - Level 2.0 Fighting
 + Level 4.6 Axes
 - Level 1.7 Throwing
 - Level 2.4 Dodging


You had 2 spell levels left.
You didn't know any spells.

Inventory:

Hand Weapons
 a - a +0 war axe (weapon)
Missiles
 d - 3 throwing nets (quivered)
Armour
 b - a +0 leather armour (worn)
 c - a +0 helmet (worn)
Scrolls
 h - 3 scrolls of identify {unknown}
Potions
 f - 2 potions of curing {unknown}
 i - a potion of degeneration {unknown}
 j - a potion of haste {unknown}
Comestibles
 e - a bread ration
 g - 2 meat rations

Dungeon Overview and Level Annotations

Branches:
Dungeon (3/15)

Altars:
Fedhas
Ru


Message History

The orc wizard is lightly wounded.
The orc wizard gestures at you while chanting.
The magic dart hits you!
The orc wizard points at you and mumbles some strange words.
The puff of frost hits you!
A worm comes into view.
You are too injured to fight recklessly!
You are too injured to fight recklessly!
You are too injured to fight recklessly!
You are too injured to fight recklessly!
You are too injured to fight recklessly!
You are too injured to fight recklessly!
You are too injured to fight recklessly!
You are too injured to fight recklessly!
You are too injured to fight recklessly!
You are too injured to fight recklessly!
You are too injured to fight recklessly!
You are too injured to fight recklessly!
You are too injured to fight recklessly!
You are too injured to fight recklessly!
You are too injured to fight recklessly!
You are too injured to fight recklessly!
You are too injured to fight recklessly!
You are too injured to fight recklessly!
You are too injured to fight recklessly!
You are too injured to fight recklessly!
You are too injured to fight recklessly!
You hit the orc wizard.
The orc wizard is moderately wounded.
The orc wizard hits you with a dagger.
The orc wizard hits you but does no damage.
You hit the orc wizard but do no damage.
The orc wizard is moderately wounded.
The orc wizard hits you with a dagger.
You die...

.# #.#..
#####g...w#
#..@og..#.#
#.####..#.#
#.#####.# #. #.#
#.##....####..#.#
#.............#(#
#.##.#######.##.#
#.##.# #.##.#
#.##.# ##.##)#
#.##.# ##...#.#


You could see a worm, an orc wizard and 2 hobgoblins.

Action                   || total
-------------------------++-------
Melee: War axe           ||    65
  Use: Potion            ||     1
 Stab: Paralysed         ||     2

Notes
Turn   | Place    | Note
--------------------------------------------------------------
     0 | D:1      | Duffy the Naga Gladiator began the quest for the Orb.
     0 | D:1      | Reached XP level 1. HP: 19/19 MP: 1/1
   395 | D:1      | Reached XP level 2. HP: 24/26 MP: 2/2
   505 | D:2      | Found a sacrificial altar of Ru.
   541 | D:2      | Found a blossoming altar of Fedhas.
   730 | D:3      | Reached skill level 4 in Axes
   766 | D:3      | Reached XP level 3. HP: 27/32 MP: 3/3
   780 | D:3      | Slain by an orc wizard

Vault maps used:
D:1:      grunt_arrival_lava_bath
D:2:      nicolae_ru_great_annihilating_truth, xom_redecorated,
          lemuel_crystal_altar, lemuel_round_altar
D:3:      old_standard_altar

Vanquished Creatures
  An orc priest
  2 orcs
  A bat
  2 giant cockroaches
  2 goblins
  3 hobgoblins
  A quokka
  A ball python
  A giant newt
  4 kobolds
  3 rats
21 creatures vanquished.
